 Dungeon Crawl Stone Soup version 0.17-a0-2101-g0c122e7 (webtiles) character file.

14457 brucemayne the Severer (level 12, -6/156 HPs)
             Began as a Hill Orc Berserker on Oct 18, 2015.
             Was an Elder of Trog.
             Mangled by an orc warrior
             ... wielding a +0 long sword
             ... led by Saint Roka
              (11 damage)
             ... on level 4 of the Orcish Mines.
             The game lasted 00:30:55 (4902 turns).

brucemayne the Severer (Hill Orc Berserker)         Turns: 4902, Time: 00:30:55

Health: -6/156     AC: 15    Str: 33    XL:     12   Next: 16%
Magic:  12/12      EV:  8    Int: 14    God:    Trog [****..]
Gold:   82         SH:  0    Dex: 10    Spells: 0 memorised, 11 levels left

rFire  . . .     SeeInvis .     I - +1 battleaxe (curse)
rCold  + + .     Clarity  .     j - +1 plate armour of the Jolly Dances {rC++ Int+4} (curse)
rNeg   + . .     SustAt   .     (no shield)
rPois  .         Gourm    .     (no helmet)
rElec  +         Spirit   .     v - +0 cloak
rCorr  .         Warding  +     (no gloves)
rMut   .         Stasis   .     (no boots)
MR     +....                    f - amulet "Ytell" {Ward rElec rN+ Str+6}
Stlth  ..........               s - ring of protection from magic
                                o - +3 ring of slaying

@: berserking, flying, studying Throwing, very quick, somewhat resistant to
hostile enchantments, extremely unstealthy
A: no striking features
a: Burn Spellbooks, Berserk, Trog's Hand, Brothers in Arms, Renounce Religion,
Convert to Beogh


You were on level 4 of the Orcish Mines.
You worshipped Trog.
Trog was greatly pleased with you.
You were hungry.

You visited 2 branches of the dungeon, and saw 17 of its levels.
You also visited: Labyrinth.

You collected 838 gold pieces.
You spent 756 gold pieces at shops.

Inventory:

Hand Weapons
 m - a +1 war axe
 I - a cursed +1 battleaxe (weapon)
Missiles
 e - 31 poisoned needles
Armour
 b - a +1 chain mail of positive energy
 j - the cursed +1 plate armour of the Jolly Dances (worn) {rC++ Int+4}
   (You bought it in a shop on level 4 of the Orcish Mines)

   It affects your intelligence (+4).
   It greatly protects you from cold.
   It has a curse placed upon it.
 v - a +0 cloak (worn)
 M - a +0 plate armour
Rods
 V - a +2 lightning rod (10/10)
   (You found it in a labyrinth)
Jewellery
 f - the amulet "Ytell" (around neck) {Ward rElec rN+ Str+6}
   (You found it in a labyrinth)

   [amulet of warding]

   It may prevent the melee attacks of summoned creatures.
   It affects your strength (+6).
   It insulates you from electricity.
   It protects you from negative energy.
 o - a +3 ring of slaying (left hand)
 s - a ring of protection from magic (right hand)
 u - a +5 ring of dexterity
 A - an uncursed ring of wizardry {unknown}
 B - an uncursed ring of magical power {unknown}
 O - an uncursed ring of magical power {unknown}
 R - an uncursed ring of protection from magic
Wands
 l - a wand of fire (0)
 q - a wand of digging (17)
 z - a wand of digging (14)
 D - a wand of frost (24)
 J - a wand of fireball (5)
 K - a wand of confusion (22)
 P - a wand of lightning (6)
 U - a wand of frost (11)
 W - a wand of random effects (34)
Scrolls
 t - a scroll of torment {unknown}
 w - a scroll of enchant weapon
 x - a scroll of teleportation {unknown}
 E - a scroll of identify
 G - a scroll of vulnerability {unknown}
 H - 2 scrolls of recharging
 L - a scroll of remove curse {unknown}
Potions
 d - a potion of brilliance
 g - a potion of flight
 i - a potion of curing
 p - a potion of poison {unknown}
 r - a potion of cancellation {unknown}
 C - a potion of mutation {unknown}
 N - 2 potions of berserk rage
Books
 F - a manual of Throwing
 Q - a book of Minor Magic

   Spells                             Type                      Level
   a - Magic Dart                     Conjuration                  1
   b - Blink                          Translocation                2
   c - Call Imp                       Summoning                    2
   d - Repel Missiles                 Charms/Air                   2
   e - Slow                           Hexes                        2
   f - Conjure Flame                  Conjuration/Fire             3
   g - Mephitic Cloud                 Conjuration/Poison/Air       3
   Trog disapproves of the use of such an item.
 S - a book of Envenomations

   Spells                             Type                      Level
   a - Spider Form                    Transmutation/Poison         3
   b - Alistair's Intoxication        Transmutation/Poison         4
   c - Olgreb's Toxic Radiance        Poison                       4
   d - Poisonous Cloud                Conjuration/Poison/Air       6
   Trog disapproves of the use of such an item.
 T - the Disquisition on Snow and Shape Shifting
   (You found it in a labyrinth)

   Spells                             Type                      Level
   a - Ozocubu's Armour               Charms/Ice                   3
   b - Throw Icicle                   Conjuration/Ice              4
   c - Ice Form                       Ice/Transmutation            4
   d - Condensation Shield            Ice                          4
   e - Petrify                        Transmutation/Earth          4
   Trog disapproves of the use of such an item.
Comestibles
 a - a chunk of flesh
 c - a bread ration
 h - 2 meat rations


   Skills:
 - Level 9.0 Fighting
 + Level 20.0 Axes
 - Level 8.0 Armour
 - Level 1.5 Dodging


You had 11 spell levels left.
You didn't know any spells.

Dungeon Overview and Level Annotations

Branches:
Dungeon (13/15)               Orc (4/4) D:11            Elf (0/3) Orc:4
 Temple: D:4-7         Lair: D:8-11      Vaults: D:13-14

Altars:
Fedhas
Ru
The Shining One
Beogh

Shops:
D:5 %   D:12 :   Orc:4 ([

Portals:
Sewer: D:3

Annotations:
Orc:4 4thArraOfDagon's ghost, journeyman MiFi; Saint Roka


Message History

It was a potion of flight.
You feel very buoyant.
You fly up into the air.
The orc priest calls upon Beogh to heal the orc warrior.
The orc warrior is healed somewhat.
The orc warrior hits you with a long sword.
* * * LOW HITPOINT WARNING * * *
Drink which item? (? for menu, Esc to quit)
It was a potion of curing.
You feel better.
The orc warrior hits you with a long sword.
* * * LOW HITPOINT WARNING * * *
Use which ability?
A red film seems to cover your vision as you go berserk!
You feel yourself moving faster!
You feel mighty!
You are feeling hungry.
The orc priest mumbles some strange prayers to Beogh against you.
Something smites you!
* * * LOW HITPOINT WARNING * * *
The orc warrior hits you with a long sword!
You die...

......#................(.........
...........#(.........)..........
#...#.#....#(...............#....
#..####...#...#......o.......##..
...# ##......#.............#####
......#...)..........##
........##..[)$#[.......#
#..........o)...........#
#####....>.@o......#.....#
##.##.........####..## #
####.....## ### #######


You could see an orc warrior and 2 orc priests.

Vanquished Creatures
  An orc warlord (Orc:4)
  Nessos (Orc:4)
  A minotaur (Lab)
  A hill giant (D:11)
  An unseen horror (D:11)
  2 orc sorcerers (Orc:4)
  A cyclops (Orc:3)
  A centaur zombie (D:11)
  Psyche (D:9)
  A gargoyle (D:10)
  A two-headed ogre (Orc:3)
  3 yaks (D:12)
  A wyvern (D:12)
  2 shadows (Lab)
  A wraith (D:12)
  A trapdoor spider (Lab)
  A hippogriff (D:10)
  8 hungry ghosts
  2 vampire mosquitoes (D:12)
  2 wargs (Orc:4)
  19 orc warriors
  A black bear (D:9)
  A necrophage (D:10)
  3 phantoms
  7 ogres
  A big kobold (D:13)
  2 centaurs
  Blork the orc (D:5)
  A giant frog (D:8)
  3 troll zombies (D:11)
  2 scorpions (D:10)
  5 killer bees (D:8)
  7 wights
  2 crimson imps
  5 hounds
  2 jellies
  A quasit (D:5)
  12 orc priests
  Natasha (twice) (D:3)
  3 iguanas
  16 orc wizards
  5 worker ants
  2 sheep (Orc:3)
  3 ogre zombies (D:11)
  2 ogre skeletons (Lab)
  2 worker ant zombies
  8 adders
  A shadow imp (D:6)
  3 giant geckos
  76 orcs
  5 giant cockroaches
  4 goblins
  A hobgoblin (D:3)
  7 kobolds
  3 quokkas
  3 bats
  5 giant newts
  A goblin skeleton (D:11)
  A goblin zombie (D:11)
  2 hobgoblin zombies (D:11)
  4 jackals (D:9)
  A jackal skeleton (D:6)
  An orc skeleton (D:11)
  9 orc zombies (D:11)
  5 rats
  A plant (Lab)
284 creatures vanquished.

Notes
Turn   | Place    | Note
--------------------------------------------------------------
     0 | D:1      | brucemayne the Hill Orc Berserker began the quest for the Orb.
     0 | D:1      | Reached XP level 1. HP: 19/19 MP: 1/1
   152 | D:1      | Reached XP level 2. HP: 26/26 MP: 2/2
   342 | D:2      | Reached skill level 5 in Axes
   446 | D:3      | Found a glowing drain.
   447 | D:3      | Noticed Natasha
   470 | D:3      | Reached ** piety under Trog
   476 | D:3      | Killed Natasha
   476 | D:3      | Reached skill level 6 in Axes
   476 | D:3      | Reached XP level 3. HP: 31/31 MP: 3/3
   543 | D:3      | Reached XP level 4. HP: 39/39 MP: 4/4
   580 | D:3      | Noticed Natasha
   596 | D:3      | Killed Natasha
   646 | D:5      | Entered Level 5 of the Dungeon
   664 | D:5      | Found Gecke's Food Emporium.
   703 | D:6      | Reached skill level 7 in Axes
   756 | D:5      | Reached XP level 5. HP: 23/45 MP: 5/5
   771 | D:5      | Noticed Blork the orc
   782 | D:5      | Killed Blork the orc
   782 | D:5      | Reached skill level 8 in Axes
   792 | D:5      | Found a glowing golden altar of the Shining One.
   885 | D:6      | Reached XP level 6. HP: 26/51 MP: 6/6
   894 | D:6      | Reached skill level 9 in Axes
  1045 | D:6      | Noticed a phantom
  1270 | D:4      | Reached skill level 10 in Axes
  1270 | D:4      | Reached XP level 7. HP: 17/57 MP: 7/7
  1341 | D:4      | Found a sacrificial altar of Ru.
  1684 | D:8      | Reached skill level 11 in Axes
  1788 | D:9      | Noticed a hungry ghost
  1809 | D:9      | Reached XP level 8. HP: 64/64 MP: 8/8
  1813 | D:9      | Killed a hungry ghost
  1813 | D:9      | Reached skill level 12 in Axes
  1843 | D:10     | Entered Level 10 of the Dungeon
  1879 | D:10     | Noticed a gargoyle
  1885 | D:10     | Killed a gargoyle
  1885 | D:10     | Reached skill level 13 in Axes
  1894 | D:10     | Reached skill level 14 in Axes
  2003 | D:11     | Noticed a hill giant
  2011 | D:11     | Killed a hill giant
  2011 | D:11     | Reached skill level 15 in Axes
  2011 | D:11     | Reached XP level 9. HP: 59/70 MP: 9/9
  2226 | D:12     | Reached skill level 16 in Axes
  2306 | D:11     | Found a blossoming altar of Fedhas.
  2410 | D:12     | Reached XP level 10. HP: 57/77 MP: 10/10
  2512 | D:13     | Reached skill level 17 in Axes
  2547 | D:12     | Reached *** piety under Trog
  2592 | D:12     | Found Sohitocu's Book Emporium.
  2664 | D:11     | Killed an unseen horror
  2714 | D:10     | Reached skill level 18 in Axes
  2775 | D:9      | Noticed Psyche
  2789 | D:9      | Killed Psyche
  3000 | D:11     | Found a staircase to the Orcish Mines.
  3001 | D:11     | Noticed a centaur zombie
  3017 | D:11     | Killed a centaur zombie
  3036 | D:11     | Reached skill level 5 in Fighting
  3091 | Orc:1    | Entered Level 1 of the Orcish Mines
  3281 | Orc:3    | Reached XP level 11. HP: 81/89 MP: 11/11
  3283 | Orc:3    | Reached skill level 5 in Armour
  3288 | Orc:3    | Noticed a cyclops
  3300 | Orc:3    | Killed a cyclops
  3513 | Orc:4    | Entered Level 4 of the Orcish Mines
  3515 | Orc:4    | Noticed Nessos
  3537 | Orc:3    | Reached **** piety under Trog
  3604 | Orc:4    | Found a staircase to the Elven Halls.
  3609 | Orc:4    | Found a labyrinth entrance.
  3619 | Lab      | Entered a labyrinth
  3698 | Lab      | Got a scorched sapphire amulet
  3704 | Lab      | Identified the amulet "Ytell" {Ward rElec rN+ Str+6} (You found it in a labyrinth)
  3932 | Lab      | Noticed a minotaur
  3945 | Lab      | Killed a minotaur
  3975 | Lab      | Identified the Disquisition on Snow and Shape Shifting
  4046 | Orc:4    | Killed Nessos
  4250 | Orc:4    | Found a roughly hewn altar of Beogh.
  4272 | Orc:4    | Noticed 4thArraOfDagon's ghost (journeyman MiFi)
  4505 | Orc:4    | Noticed a sun demon
  4540 | Orc:4    | Reached skill level 19 in Axes
  4641 | Orc:4    | Noticed an orc warlord
  4729 | Orc:4    | Killed an orc warlord
  4729 | Orc:4    | Reached XP level 12. HP: 104/104 MP: 12/12
  4803 | Orc:4    | Found Rihik's Antique Weapon Emporium.
  4804 | Orc:4    | Found a roughly hewn altar of Beogh.
  4807 | Orc:4    | Found Tirivvu's Antique Armour Shoppe.
  4830 | Orc:4    | Bought a brightly glowing plate armour for 756 gold pieces
  4840 | Orc:4    | Identified the cursed +1 plate armour of the Jolly Dances {rC++ Int+4} (You bought it in a shop on level 4 of the Orcish Mines)
  4859 | Orc:4    | Noticed Saint Roka
  4897 | Orc:4    | Reached skill level 20 in Axes
  4900 | Orc:4    | HP: 1/104 [orc warrior/long sword[Saint Roka] (5)]
  4902 | Orc:4    | Mangled by an orc warrior

Vault maps used:
D:1:      roderic_lyre, st_stairs_13
D:2:      nicolae_overflow_hidden_temple, minmay_misc_feat_diagonals
D:3:      first_bread, portal_sewer_entry_a, uniq_natasha, uniq_robin
D:4:      overflow_temple_1_default, minitemple
D:5:      nicolae_dithmenos_shadow_blocks, serial_shops, shop,
          nicolae_tso_swordbearing_angel, uniq_blork_the_orc, uniq_edmund
D:7:      minmay_temple_entry_from_below_a, uniq_crazy_yiuf_cottage
D:8:      lair_0_dummy
D:9:      hangedman_fish_farm, due_unseen_surprise, uniq_psyche
D:10:     serial_co_window_serial, co_window_corner_a, co_window_corner_a,
          co_window_paths_a, co_window_paths_a, co_window_paths_b,
          co_window_broadway_a, co_window_2corner, co_window_cross_2,
          co_window_corner_ca, co_window_broadway_b, glass_columns_b,
          glass_columns_b, glass_columns_b
D:11:     zombieorc1_lemuel, roderic_bali_sauvastika, fedhas_altar_1, uniq_erica
D:12:     serial_shops, shop
D:13:     erik_vaults_1, nicolae_ru_path_of_blood, uniq_urug
Orc:1:    serial_shops, nicolae_shop_statue_plus, basic_altar, uniq_maurice
Orc:2:    serial_shops, nicolae_shop_temple_entry_statues_fountains
Orc:3:    nicolae_orc_pool_cavern
Orc:4:    grunt_orc_community_town_hall, grunt_orc_community_big_house_1,
          grunt_orc_community_big_house_2, grunt_orc_community_house_1,
          grunt_orc_community_house_2, grunt_orc_community_house_2,
          grunt_orc_community_house_3, grunt_orc_community_house_2,
          grunt_orc_community_house_3, lab_entry_generic, basic_altar,
          uniq_saint_roka, uniq_nessos
Lab:      nicolae_lab_dead_end, nicolae_lab_grate, labyrinth_skeletal_remains,
          nicolae_lab_plus, nicolae_lab_diamond, nicolae_lab_grate_2, lab_statue

Action                   |  1- 3 |  4- 6 |  7- 9 | 10-12 || total
-------------------------+-------+-------+-------+-------++-------
Melee: Hand axe          |    54 |    24 |       |       ||    78
       War axe           |       |    86 |   111 |       ||   197
       Battleaxe         |       |       |    41 |   444 ||   485
Invok: Berserk           |     2 |     7 |     5 |     6 ||    20
       Trog's Hand       |     1 |     6 |     6 |    25 ||    38
Evoke: Wand              |       |       |     2 |    12 ||    14
  Use: Scroll            |       |     2 |     1 |     7 ||    10
       Potion            |       |       |       |     3 ||     3
 Stab: Confused          |       |       |       |     4 ||     4
  Eat: Chunk             |       |     7 |    12 |     9 ||    28
       Fruit             |       |     2 |       |       ||     2
       Beef jerky        |       |     1 |       |     3 ||     4
       Pizza             |       |       |       |     1 ||     1
       Bread ration      |       |       |       |     2 ||     2
       Royal jelly       |       |       |       |     1 ||     1
